 Dungeon Sprint DCSS version 0.27-a0-577-ge2a43ba0c9 (webtiles) character file.

Game seed: 3879526464663236255

4028633 mhtbhm the Minotaur Barricade (level 22, 217/233 HPs)
             Began as a Minotaur Fighter on Mar 9, 2021.
             Was the Champion of Trog.
             Escaped with the Orb
             ... and 3 runes on Mar 10, 2021!
             The game lasted 01:09:36 (16926 turns).

mhtbhm the Minotaur Barricade (Minotaur Fighter)   Turns: 16926, Time: 01:09:37

Health: 217/233    AC: 61    Str: 32    XL:     22   Next: 79%
Magic:  34/34      EV: 14    Int:  3    God:    Trog [******]
Gold:   268        SH: 38    Dex:  8    Spells: 21/21 levels left

rFire    + + +     SeeInvis .   a - +8 mithril axe "Arga" {speed, Will+}
rCold    + + .     Faith    .   c - +5 tower shield {reflect}
rNeg     + . .     Spirit   .   b - +14 gold dragon scales
rPois    +         Reflect  +   O - +2 hat "Lehaf" {+Inv rPois Dex+3}
rElec    .         Harm     .   m - +1 cloak {rCorr}
rCorr    +         Rampage  .   C - +3 pair of gauntlets of War {Slay+5}
Will     ++...     NoTele   +   D - +2 pair of boots {Stlth+}
Stlth    ..........             n - amulet of reflection
HPRegen  0.48/turn              x - ring "Lorgh" {rPois rC+ rN+ Slay+5}
MPRegen  0.24/turn              W - ring "Oxumpuq" {rF+++ AC+6 Dex-4}

@: no status effects
A: horns 2, dopey 1, retaliatory headbutt
0: Orb of Zot
}: 3/3 runes: silver, golden, iron
a: Renounce Religion, Evoke Invisibility, Berserk, Trog's Hand, Brothers in Arms


You escaped.
You worshipped Trog.
Trog was exalted by your worship.
You visited 1 branch You collected 268 gold pieces.

Inventory:

Hand Weapons
 a - the +8 mithril axe "Arga" (weapon) {speed, Will+}
   (Trog gifted it to you in the Dungeon)

   Attacks with this weapon are significantly faster.
   It affects your willpower, your defense against some magical effects.
 G - the +6 broad axe of Excruciating Pain {vorpal, Will+}
   (Trog gifted it to you in the Dungeon)

   It inflicts extra damage upon your enemies.
   It affects your willpower, your defense against some magical effects.
 N - a +7 triple sword of holy wrath
Missiles
 p - a throwing net (quivered)
Armour
 b - +14 gold dragon scales (worn)
 c - a +5 tower shield of reflection (worn)
 m - a +1 cloak of preservation (worn)
 C - the +3 pair of gauntlets of War (worn) {Slay+5}
   (You found it in the Dungeon)

   It affects your accuracy and damage with ranged weapons and melee attacks
   (+5).
 D - a +2 pair of boots of stealth (worn)
 O - the +2 hat "Lehaf" (worn) {+Inv rPois Dex+3}
   (You found it in the Dungeon)

   It affects your dexterity (+3).
   It protects you from poison.
   It lets you turn invisible.
Jewellery
 j - a ring of protection from fire
 n - an amulet of reflection (around neck)
 x - the ring "Lorgh" (left hand) {rPois rC+ rN+ Slay+5}
   (You found it in the Dungeon)

   [ring of slaying]

   It affects your accuracy and damage with ranged weapons and melee attacks
   (+5).
   It protects you from cold.
   It protects you from poison.
   It protects you from negative energy.
 y - a ring of resist corrosion
 F - the ring of Gudeboo {rElec SInv}
   (You took it off a vault guard in the Dungeon)

   [ring of see invisible]

   It insulates you from electricity.
   It lets you see invisible.
 I - the ring of Ulletoph {Ice rN++}
   (You found it in the Dungeon)

   [ring of ice]

   It enhances your ice magic.
   It makes you vulnerable to fire.
   It protects you from cold.
   It greatly protects you from negative energy.
 J - the ring of Kuedef {Str+3 Int+4 Dex+2 Slay+4 Stlth+}
   (You found it in the Dungeon)

   [ring of slaying]

   It affects your strength (+3).
   It affects your intelligence (+4).
   It affects your dexterity (+2).
   It affects your accuracy and damage with ranged weapons and melee attacks
   (+4).
   It makes you more stealthy.
 K - the ring "Jomokloll" {Will+ Dex+4}
   (You found it in the Dungeon)

   [ring of willpower]

   It affects your dexterity (+4).
   It affects your willpower, your defense against some magical effects.
 L - the ring of the Turtle {rPois rF+ rN+ Str+6}
   (You found it in the Dungeon)

   [ring of strength]

   It affects your strength (+6).
   It protects you from fire.
   It protects you from poison.
   It protects you from negative energy.
 M - the amulet "Ezia" {RegenMP +Inv rC+ Str-2 Slay+3}
   (You found it in the Dungeon)

   [amulet of magic regeneration]

   It increases your magic regeneration.
   It affects your strength (-2).
   It affects your accuracy and damage with ranged weapons and melee attacks
   (+3).
   It protects you from cold.
   It lets you turn invisible.
 Q - the ring "Tuneut" {Fire Int+6}
   (You found it in the Dungeon)

   [ring of fire]

   It enhances your fire magic.
   It affects your intelligence (+6).
   It protects you from fire.
   It makes you vulnerable to cold.
 R - the ring "Hyqi Obiysk" {rC+ MP+9 Dex+4 Slay-6 Stlth+}
   (You found it in the Dungeon)

   [ring of protection from cold]

   It affects your dexterity (+4).
   It affects your accuracy and damage with ranged weapons and melee attacks
   (-6).
   It protects you from cold.
   It affects your magic capacity (+9).
   It makes you more stealthy.
 S - the ring of Mexuehuy {+Inv AC+4 Str+3 Dex+2}
   (You found it in the Dungeon)

   [ring of protection]

   It affects your AC (+4).
   It affects your strength (+3).
   It affects your dexterity (+2).
   It lets you turn invisible.
 T - the amulet of Eternal Harmony {RegenMP +Inv rPois}
   (You found it in the Dungeon)

   [amulet of magic regeneration]

   It increases your magic regeneration.
   It protects you from poison.
   It lets you turn invisible.
 W - the ring "Oxumpuq" (right hand) {rF+++ AC+6 Dex-4}
   (You found it in the Dungeon)

   [ring of protection]

   It affects your AC (+6).
   It affects your dexterity (-4).
   It renders you almost immune to fire.
Wands
 P - a wand of acid (5)
Scrolls
 l - a scroll of summoning
 r - 2 scrolls of fear
 s - 2 scrolls of enchant weapon
 u - 11 scrolls of identify
 v - a scroll of fog
 w - 2 scrolls of enchant armour
 H - a scroll of brand weapon
Potions
 d - a potion of might
 e - 13 potions of curing
 f - 10 potions of heal wounds
 g - 5 potions of haste
 h - 10 potions of magic
 i - 8 potions of berserk rage
 k - a potion of invisibility
 o - 10 potions of mutation
 q - a potion of cancellation
 t - a potion of resistance
 z - a potion of ambrosia
Miscellaneous
 A - a tin of tremorstones (2/2)
 B - a lightning rod (4/4)
 E - a condenser vane


   Skills:
 O Level 27 Fighting
 + Level 20.6(23.6) Short Blades
 + Level 22.1(25.2) Long Blades
 O Level 27 Axes
 + Level 22.1(27) Maces & Flails
 + Level 22.1(27) Polearms
 + Level 22.1(27) Staves
 + Level 20.6(26.8) Slings
 + Level 20.6 Bows
 + Level 20.6 Crossbows
 O Level 27 Throwing
 O Level 27 Armour
 O Level 27 Dodging
 - Level 6.8 Stealth
 O Level 27 Shields
 + Level 20.6 Unarmed Combat
 + Level 19.2 Invocations
 O Level 27 Evocations


You had 21 spell levels left.
You didn't know any spells.
Your spell library was empty.

Dungeon Overview and Level Annotations

Branches:
Dungeon (1/1)

Altars:
Ashenzari
Cheibriados
Dithmenos
Elyvilon
Fedhas
Gozag
Hepliaklqana
Kikubaaqudgha
Makhleb
Nemelex Xobeh
Okawaru
Qazlal
Ru
Sif Muna
Trog
Uskayaw
Vehumet
Wu Jian
Xom
Yredelemnul
Zin
The Shining One
Beogh
Jiyva
Lugonu


Innate Abilities, Weirdness & Mutations

You have a pair of horns on your head.
You reflexively headbutt those who attack you in melee.
You are dopey. (Int -2)


Message History

No target in view!
No target in view!
No target in view!
No target in view!
There is a huge open gate leading to the Armoury (Hard) here.
There is an open door to the Storerooms (Easy) here.
You see here a +0 club.
You see here a +0 club.
There is an open door to the Storerooms (Easy) here.
A daeva comes into view.
It is wielding a +3 eudemon blade of holy wrath.
The daeva shouts!
There is an open door to the Entrance Hall (Safe) here.
The daeva calls down the wrath of the Shining One upon you.
The Shining One smites you!
You chop the daeva into pieces!!! You headbutt the daeva.
The daeva is moderately wounded.
You slice the daeva like a ripe choko!!!
The daeva is severely wounded.
You slice the daeva!! You headbutt the daeva.
The daeva is almost dead.
The daeva calls down the wrath of the Shining One upon you.
The Shining One smites you!
You hit the daeva but do no damage. The daeva blocks your attack.
The daeva is almost dead.
The daeva blocks your attack. x2
The daeva is almost dead.
You block the daeva's attack. x2
The daeva blocks your attack.
You headbutt the daeva, but do no damage.
The daeva is almost dead.
You slice the daeva!!
You kill the daeva!
Trog accepts your kill.
No target in view!
No target in view!
No target in view!
No target in view!
No target in view!
There is a staircase leading out of the dungeon here.
You have escaped!

##########.##................''..
#..........)'................''..
#'#####'#####......#..#......##..
#.#[.#.....##................##..
#.#)[#####'#####'#####''#########
#.#))#.....##.......##''# ##### #
#.#))#.....##...)...##..###...###
#.#..###)####.......##...##)..##.
#.##'#.†...##...@...###.).##'##..
#.#........##.......# ##....)....
#.#........##.......###..###'###.
#'###########.......##..##.....##
#..)....#..###########..'.......'
#)..#...#.############..##.....##
#..)#...#)#....#.)[[###..###'###.
#.##)##.#'#)...#..[.# ##.........
#...#)..#.)....'..[)###...##'##..


There were no monsters in sight!

Vanquished Creatures
  Cerebov (D)
  Ignacio (D)
  the Serpent of Hell (D)
  8 pandemonium lords (D)
  An ancient lich (D)
  3 orbs of fire (D)
  Mennas (D)
  Mara (D)
  2 royal mummies (D)
  Boris (D)
  Frederick (D)
  3 Killer Klowns (D)
  the Lernaean hydra (D)
  Margery (D)
  2 curse toes (D)
  Nikola (D)
  A profane servitor (D)
  A bone dragon (D)
  2 pearl dragons (D)
  6 Tzitzimimeh (D)
  2 Brimstone Fiends (D)
  3 electric golems (D)
  2 Hell Sentinels (D)
  Rupert (D)
  3 Ice Fiends (D)
  A tentacled monstrosity (D)
  4 liches (D)
  27 Orb Guardians (D)
  7 titans (D)
  2 deep elf blademasters (D)
  A quicksilver dragon (D)
  An Executioner (D)
  7 acid blobs (D)
  2 deep elf master archers (D)
  2 death cobs (D)
  3 storm dragons (D)
  4 shadow dragons (D)
  25 daevas (D)
  2 draconian monks (D)
  3 nagarajas (D)
  3 frost giants (D)
  2 iron dragons (D)
  7 azure jellies (D)
  3 fire giants (D)
  A draconian knight (D)
  A deep elf sorcerer (D)
  An emperor scorpion (D)
  A draconian scorcher (D)
  A draconian shifter (D)
  3 cacodemons (D)
  6 balrugs (D)
  Louise (D)
  3 orc warlords (D)
  3 ghouls (D)
  22 angels (D)
  A draconian annihilator (D)
  2 war gargoyles (D)
  A spriggan defender (D)
  A stone giant (D)
  A draconian stormcaller (D)
  A green draconian (D)
  A lorocyproca (D)
  2 vampire knights (D)
  A black draconian (D)
  An apis (D)
  3 red draconians (D)
  4 purple draconians (D)
  4 yellow draconians (D)
  2 dire elephants (D)
  A deep elf annihilator (D)
  A minotaur (D)
  3 ettins (D)
  2 green deaths (D)
  5 deep elf death magi (D)
  A mummy priest (D)
  5 blizzard demons (D)
  3 death oozes (D)
  2 yaktaur captains (D)
  A deep elf high priest (D)
  14 vault guards (D)
  A rakshasa (D)
  4 fire dragons (D)
  3 naga warriors (D)
  2 hydras (D)
  2 hell beasts (D)
  4 ice dragons (D)
  2 merfolk aquamancers (D)
  3 death knights (D)
  An iron elemental (D)
  A two-headed ogre (D)
  A dancing weapon (D)
  A death yak (D)
  2 vampire magi (D)
  4 sun demons (D)
  4 soul eaters (D)
  14 hell knights (D)
  3 deep elf knights (D)
  3 sixfirhies (D)
  A fire crab (D)
  A shadow wraith (D)
  24 cherubim (D)
  An unseen horror (D)
  A spriggan druid (D)
  2 swamp dragons (D)
  16 wizards (D)
  5 orc knights (D)
  2 bog bodies (D)
  A naga ritualist (D)
  A deep elf zephyrmancer (D)
  13 necromancers (D)
  4 harpies (D)
  An orc sorcerer (D)
  7 elephants (D)
  A salamander (D)
  3 guardian serpents (D)
  3 naga magi (D)
  A black mamba (D)
  An orange demon (D)
  A molten gargoyle (D)
  A cane toad (D)
  4 smoke demons (D)
  A kobold demonologist (D)
  7 yaktaurs (D)
  An efreet (D)
  2 hellions (D)
  2 ice devils (D)
  2 tormentors (D)
  A red devil (D)
  A meliai (shapeshifter) (D)
  4 merfolk (D)
  A troll (D)
  A jumping spider (D)
  2 tyrant leeches (D)
  A hornet (D)
  4 slime creatures (D)
  A wandering mushroom (D)
  An air elemental (D)
  6 water elementals (D)
  A flying skull (D)
  3 shadows (D)
  2 small abominations (D)
  A yak (shapeshifter) (D)
  4 yaks (D)
  2 vampires (D)
  A fire bat (D)
  A basilisk (shapeshifter) (D)
  A golden eye (D)
  13 humans (D)
  A steam dragon (D)
  A chaos spawn (D)
  2 neqoxecs (D)
  A warg (D)
  2 nagas (D)
  6 floating eyes (D)
  9 orc warriors (D)
  2 necrophages (D)
  A swamp drake (D)
  An eye of draining (D)
  2 ice beasts (D)
  2 ogres (D)
  A sky beast (D)
  2 centaurs (D)
  2 kobold brigands (D)
  A phantom (D)
  A bullfrog (D)
  2 gnoll sergeants (D)
  3 killer bees (D)
  2 orc priests (D)
  A jelly (D)
  A gnoll shaman (D)
  5 orc wizards (D)
  A hell rat (D)
  12 gnolls (D)
  An adder (D)
  A river rat (D)
  An ooze (D)
  2 adder skeletons (D)
  A worm (D)
  An adder simulacrum (D)
  11 orcs (D)
  A bat (D)
  A bat skeleton (D)
  A bat zombie (D)
  A giant cockroach (D)
  A hobgoblin (D)
  6 jackals (D)
  A jackal skeleton (D)
  5 kobolds (D)
  A leopard gecko simulacrum (D)
  2 rats (D)
  9 ball lightnings (D)
590 creatures vanquished.

Vanquished Creatures (collateral kills)
  Dissolution (D)
  Lom Lobon (D)
  Xtahua (D)
  A curse toe (D)
  A pandemonium lord (D)
  A shadow dragon (D)
  2 daevas (D)
  A frost giant (D)
  An orc warlord (D)
  4 angels (D)
  A lorocyproca (D)
  A rakshasa (D)
  2 hydras (D)
  A cherub (D)
  A swamp dragon (D)
  5 orc knights (D)
  A hellion (D)
  A tarantella (D)
  A floating eye (D)
  2 gnolls (D)
30 creatures vanquished.

Vanquished Creatures (others)
  the Royal Jelly (D)
  Gloorx Vloq (D)
  A lich (D)
  2 mummy priests (D)
  3 death oozes (D)
  A green death (D)
  A spriggan druid (D)
  A necromancer (D)
  3 ball lightnings (D)
14 creatures vanquished.

Grand Total: 634 creatures vanquished

Notes
Turn   | Place    | Note
-------+----------+-------------------------------------------
     0 | D        | mhtbhm the Minotaur Fighter began the quest for the Orb.
     0 | D        | Reached XP level 1. HP: 19/19 MP: 0/0
    19 | D        | Found a bloodstained altar of Trog.
    19 | D        | Found a shimmering blue altar of Sif Muna.
    19 | D        | Found a viscous altar of Jiyva.
    19 | D        | Found a hazy altar of Hepliaklqana.
    19 | D        | Found an opulent altar of Gozag.
    20 | D        | Found a glowing golden altar of the Shining One.
    20 | D        | Found a glowing silver altar of Zin.
    20 | D        | Found a basalt altar of Yredelemnul.
    20 | D        | Found a shimmering altar of Xom.
    20 | D        | Found an ornate altar of the Wu Jian Council.
    20 | D        | Found a sacrificial altar of Ru.
    20 | D        | Found a stormy altar of Qazlal.
    20 | D        | Found an iron altar of Okawaru.
    20 | D        | Found a sparkling altar of Nemelex Xobeh.
    20 | D        | Found a burning altar of Makhleb.
    20 | D        | Found a blossoming altar of Fedhas.
    20 | D        | Found a white marble altar of Elyvilon.
    20 | D        | Found a shadowy altar of Dithmenos.
    20 | D        | Found a snail-covered altar of Cheibriados.
    22 | D        | Found a radiant altar of Vehumet.
    22 | D        | Found a corrupted altar of Lugonu.
    24 | D        | Became a worshipper of Trog the Wrathful
    59 | D        | Noticed a floating eye
    60 | D        | Paralysed by a floating eye for 4 turns
    64 | D        | Killed a floating eye
    65 | D        | Reached XP level 2. HP: 34/34 MP: 1/1
    65 | D        | Reached XP level 3. HP: 39/39 MP: 2/2
    65 | D        | Reached XP level 4. HP: 47/47 MP: 3/3
    72 | D        | Reached * piety under Trog
    83 | D        | Reached ** piety under Trog
    90 | D        | Noticed a sky beast
   106 | D        | Killed a sky beast
   107 | D        | Reached skill level 5 in Axes
   107 | D        | Reached XP level 5. HP: 46/55 MP: 4/4
   107 | D        | Reached *** piety under Trog
   193 | D        | Noticed a flying skull
   197 | D        | Killed a flying skull
   197 | D        | Reached **** piety under Trog
   198 | D        | Reached skill level 1 in Dodging
   198 | D        | Reached XP level 6. HP: 64/64 MP: 5/5
   201 | D        | Reached skill level 10 in Shields
   215 | D        | Reached ***** piety under Trog
   252 | D        | Noticed an ice beast
   261 | D        | Killed an ice beast
   262 | D        | Reached skill level 10 in Fighting
   262 | D        | Reached XP level 7. HP: 39/72 MP: 6/6
   425 | D        | Killed a shadow wraith
   426 | D        | Reached skill level 10 in Axes
   426 | D        | Reached skill level 10 in Armour
   426 | D        | Reached XP level 8. HP: 81/81 MP: 7/7
   605 | D        | Received a gift from Trog
   615 | D        | Noticed a five-headed hydra
   615 | D        | Noticed a tyrant leech
   631 | D        | Killed a tyrant leech
   632 | D        | Killed a five-headed hydra
   773 | D        | Noticed a tyrant leech
   774 | D        | Noticed a bog body
   780 | D        | Killed a bog body
   780 | D        | Received a gift from Trog
   781 | D        | Reached XP level 9. HP: 90/90 MP: 8/8
   781 | D        | Killed a tyrant leech
   782 | D        | Reached skill level 5 in Dodging
   833 | D        | Noticed an elephant
   833 | D        | Noticed an elephant
   834 | D        | Noticed an elephant
   834 | D        | Noticed a five-headed hydra
   839 | D        | Killed an elephant
   841 | D        | Killed an elephant
   845 | D        | Killed a nine-headed hydra
   846 | D        | Reached XP level 10. HP: 101/101 MP: 9/9
   848 | D        | Killed an elephant
   848 | D        | Reached ****** piety under Trog
   899 | D        | Noticed a death yak
   909 | D        | Killed a death yak
   909 | D        | Received a gift from Trog
   910 | D        | Reached skill level 15 in Axes
  1070 | D        | Noticed a spriggan druid
  1072 | D        | Noticed a rakshasa
  1085 | D        | Killed a spriggan druid
  1094 | D        | Killed a rakshasa
  1100 | D        | Noticed a six-headed hydra
  1103 | D        | Received a gift from Trog
  1104 | D        | Killed a six-headed hydra
  1105 | D        | Reached skill level 15 in Shields
  1398 | D        | Noticed a bog body
  1405 | D        | Killed a bog body
  1412 | D        | Received a gift from Trog
  1414 | D        | Reached XP level 11. HP: 111/111 MP: 10/10
  1658 | D        | Received a gift from Trog
  1669 | D        | Killed an unseen horror
  1704 | D        | Reached skill level 15 in Fighting
  2025 | D        | Noticed a six-headed hydra
  2035 | D        | Killed a 13-headed hydra
  2224 | D        | Received a gift from Trog
  2239 | D        | Noticed a two-headed ogre
  2244 | D        | Reached skill level 15 in Armour
  2244 | D        | Killed a two-headed ogre
  2250 | D        | Noticed an emperor scorpion
  2256 | D        | Received a gift from Trog
  2259 | D        | Noticed a soul eater
  2263 | D        | Received a gift from Trog
  2273 | D        | Killed an emperor scorpion
  2285 | D        | Received a gift from Trog
  2420 | D        | Got the ring "Ytaxziop" {Fire Int-2 Dex+7 SInv}
  2616 | D        | Noticed a sun demon
  2616 | D        | Noticed a fire giant
  2616 | D        | Noticed a fire dragon
  2616 | D        | Noticed a swamp dragon
  2616 | D        | Noticed a green draconian
  2623 | D        | Killed a sun demon
  2624 | D        | Reached XP level 12. HP: 124/124 MP: 11/11
  2630 | D        | Killed a fire giant
  2631 | D        | Killed a fire dragon
  2634 | D        | Received a gift from Trog
  2642 | D        | Killed a green draconian
  2914 | D        | Noticed a blizzard demon
  2921 | D        | Killed a blizzard demon
  3027 | D        | Noticed a deep elf death mage
  3032 | D        | Killed a deep elf death mage
  3032 | D        | Received a gift from Trog
  3088 | D        | Noticed an orc warlord
  3089 | D        | Noticed an orc warlord
  3097 | D        | Killed an orc warlord
  3098 | D        | Reached skill level 1 in Stealth
  3098 | D        | Killed an orc warlord
  3098 | D        | Received a gift from Trog
  3155 | D        | Received a gift from Trog
  3156 | D        | Found the +8 mithril axe "Arga" {speed, Will+}
  3229 | D        | Noticed a vault guard
  3230 | D        | Noticed a yaktaur captain
  3230 | D        | Noticed a vault guard
  3245 | D        | Reached XP level 13. HP: 93/137 MP: 12/12
  3433 | D        | Noticed a fire giant
  3448 | D        | Killed a fire giant
  3448 | D        | Received a gift from Trog
  3453 | D        | Reached skill level 5 in Stealth
  3725 | D        | Noticed an azure jelly
  3728 | D        | Killed an azure jelly
  3731 | D        | Noticed a yellow draconian annihilator
  3735 | D        | Killed a yellow draconian annihilator
  3735 | D        | Received a gift from Trog
  3933 | D        | Noticed a green death
  3943 | D        | Killed a green death
  3952 | D        | Noticed a vampire knight
  3954 | D        | Killed a vampire knight
  3954 | D        | Received a gift from Trog
  3961 | D        | Noticed a purple draconian
  3971 | D        | Killed a purple draconian
  3979 | D        | Received a gift from Trog
  4017 | D        | Received a gift from Trog
  4055 | D        | Noticed an angel
  4065 | D        | Killed an angel
  4093 | D        | Received a gift from Trog
  4094 | D        | Reached XP level 14. HP: 139/152 MP: 13/13
  4120 | D        | Received a gift from Trog
  4260 | D        | Noticed a royal mummy
  4269 | D        | Killed a royal mummy
  4546 | D        | Noticed a titan
  4546 | D        | Noticed Xtahua
  4546 | D        | Noticed an electric golem
  4546 | D        | Noticed a curse toe
  4551 | D        | Paralysed by a floating eye for 2 turns
  4560 | D        | Killed a curse toe
  4562 | D        | Received a gift from Trog
  4572 | D        | Paralysed by a floating eye for 3 turns
  4574 | D        | Killed Xtahua
  4587 | D        | Killed a titan
  4601 | D        | Killed an electric golem
  4601 | D        | Received a gift from Trog
  4602 | D        | Reached skill level 1 in Evocations
  4645 | D        | Noticed a titan
  4651 | D        | Killed a titan
  4741 | D        | Noticed a royal mummy
  4755 | D        | Killed a royal mummy
  4756 | D        | Reached skill level 10 in Dodging
  5019 | D        | Noticed an electric golem
  5029 | D        | Killed an electric golem
  5180 | D        | Received a gift from Trog
  5181 | D        | Reached XP level 15. HP: 151/166 MP: 14/14
  5347 | D        | Noticed an azure jelly
  5357 | D        | Killed an azure jelly
  5360 | D        | Found the +6 sword of Cerebov {flame}
  5360 | D        | Noticed Cerebov
  5407 | D        | Killed Cerebov
  5455 | D        | Noticed a Tzitzimitl
  5462 | D        | HP: 9/229 [Tzitzimitl/bolt of negative energy (47)]
  5465 | D        | Killed a Tzitzimitl
  5883 | D        | Noticed an ancient lich
  5892 | D        | Killed an ancient lich
  5892 | D        | Received a gift from Trog
  5932 | D        | Noticed Kowy the pandemonium lord
  5943 | D        | Killed Kowy the pandemonium lord
  5991 | D        | Noticed a frost giant
  6002 | D        | Killed a frost giant
  6003 | D        | Reached skill level 15 in Dodging
  6145 | D        | Reached XP level 16. HP: 179/180 MP: 15/15
  6250 | D        | Noticed a Tzitzimitl
  6255 | D        | Killed a Tzitzimitl
  6255 | D        | Received a gift from Trog
  6256 | D        | Reached skill level 27 in Shields
  6538 | D        | Noticed a Killer Klown
  6544 | D        | Killed a Killer Klown
  6748 | D        | Noticed Dissolution
  6748 | D        | Noticed a Tzitzimitl
  6756 | D        | Killed a Tzitzimitl
  6774 | D        | Killed Dissolution
  6775 | D        | Reached skill level 27 in Fighting
  6775 | D        | Reached skill level 27 in Axes
  7078 | D        | Noticed the 27-headed Lernaean hydra
  7084 | D        | Killed the 26-headed Lernaean hydra
  7213 | D        | Noticed a tentacled monstrosity
  7213 | D        | Noticed a Brimstone Fiend
  7215 | D        | Received a gift from Trog
  7217 | D        | Noticed an orb of fire
  7223 | D        | Killed a Brimstone Fiend
  7227 | D        | Killed an orb of fire
  7231 | D        | Killed a tentacled monstrosity
  7273 | D        | Noticed the Serpent of Hell
  7273 | D        | Noticed a Killer Klown
  7274 | D        | Noticed a storm dragon
  7276 | D        | Noticed a shadow dragon
  7279 | D        | Killed a Killer Klown
  7280 | D        | Reached skill level 27 in Armour
  7290 | D        | Killed the Serpent of Hell
  7291 | D        | Reached XP level 17. HP: 191/191 MP: 16/16
  7293 | D        | Reached skill level 5 in Evocations
  7334 | D        | Noticed a Hell Sentinel
  7341 | D        | Killed a Hell Sentinel
  7341 | D        | Received a gift from Trog
  7409 | D        | Noticed a titan
  7409 | D        | Noticed Kaom the pandemonium lord
  7409 | D        | Noticed Atechuino the pandemonium lord
  7419 | D        | Killed a titan
  7427 | D        | Killed Kaom the pandemonium lord
  7440 | D        | Killed Atechuino the pandemonium lord
  7505 | D        | Received a gift from Trog
  7523 | D        | Noticed a titan
  7530 | D        | Killed a titan
  7637 | D        | Received a gift from Trog
  7642 | D        | Noticed a deep elf master archer
  7647 | D        | Killed a deep elf master archer
  7653 | D        | Reached skill level 1 in Throwing
  7764 | D        | Noticed a titan
  7764 | D        | Noticed a curse toe
  7779 | D        | Killed a curse toe
  7784 | D        | Killed a titan
  7784 | D        | Received a gift from Trog
  7791 | D        | Reached skill level 27 in Dodging
  7953 | D        | Found the +3 pair of gauntlets of War {Slay+5}
  7956 | D        | Got the ring "Mamnuxak" {rPois MP+9 SInv}
  7961 | D        | Got the amulet of Sese Cup {RegenMP Str+4 Dex+2}
  7979 | D        | Got the ring "Josah" {rPois rC++ Str+6 Dex-3 Stlth+}
  7986 | D        | Got the ring of Tulorol {rF+ rN+}
  7989 | D        | Got an iron rune of Zot
  7991 | D        | Got the amulet "Huphya" {+Fly rPois rF- Regen+}
  7995 | D        | Got the ring of the Equinox {rPois rC+ Str+3 Dex-2}
  8062 | D        | Got the +2 hat "Lehaf" {+Inv rPois Dex+3}
  8177 | D        | Reached skill level 10 in Evocations
  8183 | D        | Received a gift from Trog
  8184 | D        | Reached skill level 5 in Throwing
  8263 | D        | Received a gift from Trog
  8270 | D        | Received a gift from Trog
  8413 | D        | Received a gift from Trog
  8633 | D        | Noticed a lich
  8634 | D        | Noticed a lich
  8643 | D        | Killed a lich
  8643 | D        | Identified the +6 broad axe of Excruciating Pain {vorpal,
                  | Will+} (Trog gifted it to you in the Dungeon)
  8643 | D        | Received a gift from Trog
  8644 | D        | Reached skill level 10 in Throwing
  8644 | D        | Reached skill level 15 in Evocations
  8644 | D        | Killed a lich
  8746 | D        | Got the ring "Pyawn" {rElec Will+ Dex+6}
  8748 | D        | Got the ring "Akluus" {+Blink +Inv rPois EV+4 Int-4}
  8751 | D        | Got the ring "Lorgh" {rPois rC+ rN+ Slay+5}
  8753 | D        | Got the ring "Cuvo" {Wiz rN++ Int+2 Dex+4}
  8755 | D        | Got the ring of Knowledge {+Blink AC+6 Int+6 Dex+3}
  8757 | D        | Got the ring "Yfuadd" {rF- rC++ rN+ Will+ Int+6}
  8759 | D        | Got the ring "Agolisk" {Ice rElec Int+5}
  8761 | D        | Got the amulet of Equivalence {RegenMP rElec Stlth+}
  8763 | D        | Got the ring "Gukinall" {Int+8 Slay+5}
  8765 | D        | Got the amulet "Xonkitil" {Spirit Int-4 Dex+3 SInv}
  8767 | D        | Got the ring of Meept {rPois rC+ Will+ Str+4 Dex-5}
  8769 | D        | Got the ring "Mozxutro" {Will+ Dex+4}
  8771 | D        | Got the ring of Eternal Harmony {rF+ rN+}
  8773 | D        | Got the ring of Wisiubau {*Drain +Inv +Fly Int+7 SInv}
  8775 | D        | Got the amulet "Wyugaul" {+Inv Regen+ Int+4}
  8777 | D        | Got the amulet "Tecwizu" {RegenMP Dex+2 SInv}
  8781 | D        | Got the ring "Oxumpuq" {rF+++ AC+6 Dex-4}
  8783 | D        | Got the ring of Xewk {*Drain Dex+5 SInv}
  8785 | D        | Got the ring "Adeunuy" {Ice SInv}
  8788 | D        | Got the amulet "Othroocei" {Spirit +Blink Dex+4}
  8799 | D        | Got the ring of the Invisible Orbs {rC+ Str+6 Int+6}
  8819 | D        | Got the ring "Myitry" {rC+ Will+ Str+4 Slay-3}
  8821 | D        | Got the ring of Naodghy {Wiz rElec rPois rN+++ Str-5}
  8823 | D        | Got the ring "Qiarhul" {Will++ Int+6}
  8827 | D        | Got the ring "Woseodi" {rElec Will+ Int-4 Slay+5}
  8944 | D        | Received a gift from Trog
  8949 | D        | Reached XP level 18. HP: 200/200 MP: 17/17
  8964 | D        | Received a gift from Trog
  9126 | D        | Noticed Margery
  9127 | D        | Noticed a Killer Klown
  9130 | D        | Received a gift from Trog
  9141 | D        | Killed Margery
  9147 | D        | Received a gift from Trog
  9160 | D        | Killed a Killer Klown
  9224 | D        | Received a gift from Trog
  9243 | D        | Reached skill level 15 in Throwing
  9387 | D        | Received a gift from Trog
  9472 | D        | Noticed a lich
  9489 | D        | Received a gift from Trog
  9489 | D        | Killed a lich
  9557 | D        | Noticed a lich
  9558 | D        | Noticed a Tzitzimitl
  9559 | D        | Noticed Louise
  9559 | D        | Noticed Mara
  9560 | D        | Received a gift from Trog
  9563 | D        | Noticed Frederick
  9565 | D        | Received a gift from Trog
  9566 | D        | Killed a lich
  9568 | D        | Killed a Tzitzimitl
  9576 | D        | Killed Frederick
  9576 | D        | Received a gift from Trog
  9580 | D        | Killed Louise
  9593 | D        | Noticed mhtbhm's illusion
  9602 | D        | Killed Mara
  9602 | D        | Received a gift from Trog
  9900 | D        | Identified the +6 tower shield of the Grey Skies {Harm
                  | rPois}
  9900 | D        | Noticed a pearl dragon
  9901 | D        | Found the +9 staff of Wucad Mu {*channel}
  9901 | D        | Identified the +0 fustibalus "Asohut" {vorpal, rElec}
  9911 | D        | Received a gift from Trog
  9930 | D        | Reached XP level 19. HP: 97/207 MP: 18/18
  9933 | D        | Received a gift from Trog
  9945 | D        | Upgraded the game from 0.27-a0-562-g0d39f094a4 to
                  | 0.27-a0-577-ge2a43ba0c9
 10036 | D        | Received a gift from Trog
 10673 | D        | Reached skill level 27 in Evocations
 10681 | D        | Received a gift from Trog
 10849 | D        | Received a gift from Trog
 10997 | D        | Received a gift from Trog
 11396 | D        | Received a gift from Trog
 11413 | D        | Identified the ring "Kiowa" {*Slow rPois AC+4 Stlth+}
 11443 | D        | Received a gift from Trog
 11453 | D        | Identified the +8 dire flail of Departure {vorpal, *Noise
                  | rPois rC++ rN+++}
 11582 | D        | Received a gift from Trog
 11583 | D        | Reached skill level 27 in Throwing
 11592 | D        | Reached skill level 1 in Short Blades
 11592 | D        | Reached skill level 1 in Long Blades
 11592 | D        | Reached skill level 1 in Maces & Flails
 11592 | D        | Reached skill level 1 in Polearms
 11592 | D        | Reached skill level 1 in Staves
 11592 | D        | Reached skill level 1 in Slings
 11592 | D        | Reached skill level 1 in Bows
 11592 | D        | Reached skill level 1 in Crossbows
 11592 | D        | Reached skill level 1 in Unarmed Combat
 11592 | D        | Reached skill level 1 in Invocations
 12040 | D        | Received a gift from Trog
 12051 | D        | Reached skill level 5 in Long Blades
 12051 | D        | Reached skill level 5 in Maces & Flails
 12051 | D        | Reached skill level 5 in Polearms
 12051 | D        | Reached skill level 5 in Staves
 12052 | D        | Reached skill level 5 in Short Blades
 12052 | D        | Reached skill level 5 in Slings
 12052 | D        | Reached skill level 5 in Bows
 12052 | D        | Reached skill level 5 in Crossbows
 12052 | D        | Reached skill level 5 in Unarmed Combat
 12362 | D        | Killed a pearl dragon
 12362 | D        | Received a gift from Trog
 12363 | D        | Reached skill level 5 in Invocations
 12396 | D        | Identified the +8 war axe of Resourcefulness {vorpal, Str+5
                  | SInv}
 12430 | D        | Got a golden rune of Zot
 12604 | D        | Received a gift from Trog
 13135 | D        | Received a gift from Trog
 13144 | D        | Reached XP level 20. HP: 212/216 MP: 17/23
 13153 | D        | Received a gift from Trog
 13205 | D        | Received a gift from Trog
 13208 | D        | Received a gift from Trog
 13264 | D        | Received a gift from Trog
 13458 | D        | Noticed an orb of fire
 13458 | D        | Noticed Niown the pandemonium lord
 13474 | D        | Killed an orb of fire
 13475 | D        | Reached skill level 10 in Long Blades
 13475 | D        | Reached skill level 10 in Maces & Flails
 13475 | D        | Reached skill level 10 in Polearms
 13475 | D        | Reached skill level 10 in Staves
 13482 | D        | Killed Niown the pandemonium lord
 13483 | D        | Reached skill level 10 in Short Blades
 13483 | D        | Reached skill level 10 in Slings
 13483 | D        | Reached skill level 10 in Bows
 13483 | D        | Reached skill level 10 in Crossbows
 13483 | D        | Reached skill level 10 in Unarmed Combat
 13488 | D        | Received a gift from Trog
 13506 | D        | Reached skill level 10 in Invocations
 13541 | D        | Identified the +10 war axe of the Poles {flame, Int+3}
 13541 | D        | Noticed a bone dragon
 13547 | D        | Received a gift from Trog
 13552 | D        | Killed a bone dragon
 13556 | D        | Received a gift from Trog
 13578 | D        | Received a gift from Trog
 13769 | D        | Noticed Rupert
 13778 | D        | Received a gift from Trog
 13778 | D        | Received a gift from Trog
 13778 | D        | Received a gift from Trog
 13779 | D        | Received a gift from Trog
 13779 | D        | Killed Rupert
 13779 | D        | Received a gift from Trog
 13779 | D        | Received a gift from Trog
 13780 | D        | Received a gift from Trog
 13786 | D        | Received a gift from Trog
 13807 | D        | Identified the ring of Gudeboo {rElec SInv}
 13818 | D        | Received a gift from Trog
 13830 | D        | Received a gift from Trog
 13880 | D        | Got a silver rune of Zot
 13885 | D        | Got the ring of Ulletoph {Ice rN++}
 14022 | D        | Noticed Ignacio
 14031 | D        | Received a gift from Trog
 14043 | D        | Killed Ignacio
 14044 | D        | Reached skill level 15 in Long Blades
 14044 | D        | Reached skill level 15 in Maces & Flails
 14044 | D        | Reached skill level 15 in Polearms
 14044 | D        | Reached skill level 15 in Staves
 14044 | D        | Reached XP level 21. HP: 48/224 MP: 29/29
 14493 | D        | Noticed a profane servitor
 14500 | D        | Received a gift from Trog
 14505 | D        | Reached skill level 15 in Short Blades
 14505 | D        | Reached skill level 15 in Slings
 14505 | D        | Reached skill level 15 in Bows
 14505 | D        | Reached skill level 15 in Unarmed Combat
 14508 | D        | Killed a profane servitor
 14509 | D        | Reached skill level 15 in Crossbows
 14540 | D        | Noticed Lom Lobon
 14553 | D        | Noticed the Royal Jelly
 14561 | D        | Received a gift from Trog
 14570 | D        | Killed the Royal Jelly
 14586 | D        | Killed Lom Lobon
 14690 | D        | Noticed Nikola
 14697 | D        | Killed Nikola
 14697 | D        | Received a gift from Trog
 14796 | D        | Reached skill level 15 in Invocations
 14894 | D        | Received a gift from Trog
 14902 | D        | Noticed a curse toe
 14903 | D        | Noticed Mennas
 14904 | D        | Noticed Aghiezaf the pandemonium lord
 14922 | D        | Killed Mennas
 14929 | D        | Received a gift from Trog
 14937 | D        | Killed Aghiezaf the pandemonium lord
 14939 | D        | Received a gift from Trog
 14946 | D        | Killed a curse toe
 15403 | D        | Received a gift from Trog
 15461 | D        | Noticed Eziaco the pandemonium lord
 15465 | D        | Received a gift from Trog
 15468 | D        | Noticed Epimipt the pandemonium lord
 15482 | D        | Noticed Gloorx Vloq
 15483 | D        | Killed Eziaco the pandemonium lord
 15483 | D        | Received a gift from Trog
 15484 | D        | Reached XP level 22. HP: 233/233 MP: 33/33
 15493 | D        | Paralysed by a floating eye for 3 turns
 15517 | D        | Killed Gloorx Vloq
 15520 | D        | Killed Epimipt the pandemonium lord
 15541 | D        | Identified the +5 quarterstaff "Minotaur's Doom" {flame,
                  | rF+ Str+4 Stlth+} (Trog gifted it to you in the Dungeon)
 15541 | D        | Received a gift from Trog
 15684 | D        | Noticed Boris
 15695 | D        | Received a gift from Trog
 15696 | D        | Killed Boris
 15711 | D        | Received a gift from Trog
 15746 | D        | Paralysed by a floating eye for 3 turns
 15749 | D        | Identified the +4 dagger of Starshine {vorpal, rElec Will+
                  | Dex+2 Stlth-} (Trog gifted it to you in the Dungeon)
 15749 | D        | Received a gift from Trog
 16004 | D        | Noticed an orb of fire
 16004 | D        | Noticed Ceogiepn the pandemonium lord
 16008 | D        | Gained mutation: You are dopey. (Int -2) [an orb of fire]
 16016 | D        | Killed an orb of fire
 16035 | D        | Killed Ceogiepn the pandemonium lord
 16346 | D        | Got the ring of Kuedef {Str+3 Int+4 Dex+2 Slay+4 Stlth+}
 16348 | D        | Got the ring "Jomokloll" {Will+ Dex+4}
 16350 | D        | Got the ring of the Turtle {rPois rF+ rN+ Str+6}
 16352 | D        | Got the amulet "Ezia" {RegenMP +Inv rC+ Str-2 Slay+3}
 16354 | D        | Got the ring "Tuneut" {Fire Int+6}
 16356 | D        | Got the ring "Hyqi Obiysk" {rC+ MP+9 Dex+4 Slay-6 Stlth+}
 16359 | D        | Got the ring of Mexuehuy {+Inv AC+4 Str+3 Dex+2}
 16361 | D        | Got the amulet of Eternal Harmony {RegenMP +Inv rPois}
 16633 | D        | Found a hide-covered altar of Uskayaw.
 16633 | D        | Found an ancient bone altar of Kikubaaqudgha.
 16633 | D        | Found a broken altar of Ashenzari.
 16746 | D        | Got the Orb of Zot
 16808 | D        | Noticed Lucant the pandemonium lord
 16831 | D        | Killed Lucant the pandemonium lord
 16846 | D        | Received a gift from Trog
 16926 | D        | Escaped with the Orb!

Illustrated notes

Levels and vault maps discovered:
D:        pitsprint [storerooms_1, entrance_room_1, metal_vault_5, armoury_2,
          mini_pit_1, grid_room_1, main_hall_1, silver_pit, the_coven_2,
          the_vestibule_1, steel_vault_4, golden_pit, hallway_of_sentries,
          crystal_vault_5, iron_vault_2, final_vault]

Skill      XL: |  1  2  3  4  5  6  7  8  9 10 11 12 13 14 15 16 17 18 19 20 21 22 |
---------------+-------------------------------------------------------------------+-----
Fighting       | 7 8 9 10 11 13 14 16 19 21 23 25 27 | 27.0
Axes           | 4 5 6 7 10 12 14 17 19 21 23 24 26 27 | 27.0
Armour         | 6 8 9 10 12 13 14 15 16 18 21 27 | 27.0
Shields        | 6 8 9 10 11 13 14 15 17 19 21 24 26 27 | 27.0
Dodging        | 1 2 3 4 5 6 7 8 10 15 21 27 | 27.0
Stealth        | 3 6 |  6.8
Evocations     | 1 4 16 25 27 | 27.0
Throwing       | 11 19 27 | 27.0
Short Blades   | 7 14 18 20 | 20.6
Long Blades    | 7 15 19 22 | 22.1
Maces & Flails | 7 15 19 22 | 22.1
Polearms       | 7 15 19 22 | 22.1
Staves         | 7 15 19 22 | 22.1
Slings         | 7 14 18 20 | 20.6
Bows           | 7 14 18 20 | 20.6
Crossbows      | 7 14 18 20 | 20.6
Unarmed Combat | 7 14 18 20 | 20.6
Invocations    | 6 13 16 19 | 19.2

Action                   |  1- 3 |  4- 6 |  7- 9 | 10-12 | 13-15 | 16-18 | 19-21 | 22-24 || total
-------------------------+-------+-------+-------+-------+-------+-------+-------+-------++-------
Melee: Hand axe          |     2 |    66 |    34 |       |       |       |       |       ||   102
       War axe           |     2 |       |       |       |       |       |       |       ||     2
       Headbutt          |     1 |    10 |    15 |    53 |   117 |   130 |   170 |    45 ||   541
       Broad axe         |       |       |    14 |   213 |   341 |   380 |   720 |   133 ||  1801
Throw: Dart              |       |       |       |       |       |     5 |       |       ||     5
       Throwing net      |       |       |       |       |       |     1 |     1 |       ||     2
Invok: Berserk           |       |     1 |     4 |     7 |     8 |    15 |     8 |     2 ||    45
       Brothers in Arms  |       |       |     2 |     4 |     2 |     6 |     4 |     1 ||    19
       Trog's Hand       |       |       |       |     1 |     1 |     2 |     3 |     1 ||     8
Evoke: Condenser vane    |       |       |       |       |     2 |    13 |     9 |       ||    24
       Wand              |       |       |       |       |       |     3 |     3 |       ||     6
       Tin of tremorston |       |       |       |       |       |       |     6 |       ||     6
       Lightning rod     |       |       |       |       |       |       |     1 |       ||     1
  Use: Potion            |       |       |     2 |     1 |     5 |     4 |    24 |     3 ||    39
       Scroll            |       |       |       |       |     1 |     2 |     8 |     2 ||    13
 Stab: Invisible         |       |       |       |     3 |       |       |       |       ||     3
       Distracted        |       |       |       |       |     1 |     2 |     2 |       ||     5
Armor: Scale mail        |       |    28 |     6 |       |    13 |       |       |       ||    47
       Chain mail        |       |       |     8 |    71 |       |       |       |       ||    79
       Plate armour      |       |       |       |       |    23 |    36 |       |       ||    59
       Storm dragon scal |       |       |       |       |       |    24 |       |       ||    24
       Gold dragon scale |       |       |       |       |       |    43 |   149 |    35 ||   227
Dodge: Dodged            |     2 |    19 |    12 |    62 |    24 |    79 |    65 |    14 ||   277
Block: Kite shield       |       |    50 |    34 |   143 |    18 |       |       |       ||   245
       Reflection        |       |       |       |     2 |     5 |     9 |    46 |     3 ||    65
       Tower shield      |       |       |       |       |   161 |   268 |   588 |   100 ||  1117

Table legend: (Time is in decaauts) A = Elapsed time spent in this place. B = Non-inter-level travel time spent in this place. C = Inter-level travel time spent in this place. D = Time resting spent in this place. E = Time spent auto-exploring this place. F = Levels seen in this place. G = Mean time per level. A B C D E F G +--------+--------+--------+--------+--------+-----+--------+ Total | 16353 | 16184 | 169 | 9628 | 789 | 1 | 16353.0 | Dungeon | 16353 | 16184 | 169 | 9628 | 789 | 1 | 16353.0 | +--------+--------+--------+--------+--------+-----+--------+

Top non-repeatable levels by time:
       D: 16353 daAuts
